Map: Habitation Station LE (Void)

Players

Juxtapose - Winner!

  • Race: Protoss Protoss
  • Spawn Location: 1:00

A.I. 1 (Easy)

  • Race: Zerg Zerg
  • Spawn Location: 11:00

VOD

https://youtu.be/BrXneHUbpY8

Description

I picked up StarCraft II: The Complete Trilogy on the July long weekend and have been having a nostalgic blast with the game ever since. I've really enjoyed the Campaigns, and have more recently started dabbling in Versus AI.

I first did several Custom Matches to simply get more familiar with the Multiplayer style and a better feel for the game on Faster speed, and now I've tried some proper Versus AI matches.

This is the first of the three qualifying matches, which evidentally is on Easy.

As with Blizzard Entertainment's RTS games of yester-year, I play Random so I can better learn and understand all the Races in the game.

I am, of course, quite new, but I expect to improve over time and when I ultimately start playing over Battle.net.

Time

  • Played on: Dec. 1, 2016, 8:12 p.m.
  • Length: 8:27
Show
View Real Time Build Order
Export as new Build Order

Juxtapose Protoss - Winner!

Build Orders:  

Get SALT Encoding   

  12  0:01  Probe (Chrono Boost)  
  13  0:14  Pylon  
  13  0:18  Probe (Chrono Boost)  
  14  0:28  Probe (Chrono Boost)  
  15  0:36  Gateway  
  15  0:39  Probe (Chrono Boost)  
  16  0:47  Pylon  
  16  0:49  Probe (Chrono Boost)  
  17  1:00  Probe (Chrono Boost)  
  18  1:05  Assimilator  
  18  1:11  Probe (Chrono Boost)  
  19  1:16  Assimilator  
  19  1:21  Probe (Chrono Boost)  
  19  1:24  Zealot  
  22  1:28  Cybernetics Core  
  22  1:32  Probe (Chrono Boost)  
  23  1:43  Probe (Chrono Boost)  
  24  1:48  Zealot  
  26  2:02  Pylon  
  26  2:07  Warp Gate  
  26  2:12  Adept  
  30  2:18  Mothership Core (Chrono Boost)  
  30  2:32  Gateway  
  30  2:35  Adept  
  32  2:54  Robotics Facility  
  32  2:59  Adept  
  32  3:05  Pylon  
  34  3:07  Forge  
  34  3:15  Twilight Council  
  34  3:23  Sentry  
  36  3:37  Sentry  
  38  4:13  Protoss Ground Weapons Level 1  
  38  4:28  Nexus  
  38  4:29  Pylon  
  38  4:32  Pylon  
  38  4:35  Assimilator  
  38  4:39  Immortal  
  38  4:40  Assimilator  
  42  4:55  Stalker x2  
  46  5:13  Probe (Chrono Boost)  
  47  5:16  Blink  
  47  5:19  Observer  
  48  5:39  Stalker x2  
  52  6:12  Protoss Ground Armor Level 1  
  52  6:18  Immortal  
  56  6:24  Gateway  
  56  6:27  Probe (Chrono Boost)  
  57  6:37  Probe (Chrono Boost)  
  58  6:48  Probe (Chrono Boost)  
  59  6:56  Warp Prism  
  59  6:58  Probe (Chrono Boost)  
  62  7:09  Probe (Chrono Boost)  
  59  7:19  Probe (Chrono Boost)  
  60  7:30  Probe (Chrono Boost)  
  60  7:36  Immortal  
  65  7:40  Probe (Chrono Boost)  
  67  7:51  Probe (Chrono Boost)  
  67  8:02  Probe (Chrono Boost), Stalker  
  70  8:08  Pylon  
  70  8:09  Photon Cannon  
  70  8:13  Pylon  
Show
View Real Time Build Order
Export as new Build Order

A.I. 1 (Easy) Zerg 

Build Orders: Pool First 

Get SALT Encoding   

  12  0:00  Drone  
  13  0:12  Overlord  
  13  0:17  Drone  
  14  0:31  Drone  
  14  0:35  Drone  
  16  0:43  Spawning Pool  
  16  0:44  Extractor  
  16  0:46  Drone  
  15  0:51  Drone  
  16  0:59  Overlord  
  16  1:31  Zergling x2, Queen  
  19  1:34  Roach Warren  
  19  1:36  Extractor  
  19  1:37  Zergling x2, Drone  
  19  1:42  Drone  
  20  1:53  Zergling x2  
  21  2:03  Zergling x2  
  22  2:14  Zergling x2  
  23  2:25  Zergling x2  
  24  2:35  Overlord  
  24  2:38  Zergling x2  
  24  2:39  Drone  
  27  2:44  Zergling x2  
  27  2:47  Drone  
  28  2:58  Drone  
  29  3:09  Drone  
  30  3:13  Drone  
  30  3:14  Overlord  
  30  3:18  Drone  
  32  5:15  Overlord, Roach, Drone, Lair  
  32  5:19  Drone  
  36  5:33  Roach, Drone  
  36  5:35  Hatchery  
  38  5:37  Drone  
  38  5:52  Roach  
  33  6:10  Roach  
  35  6:12  Overseer  
  35  6:15  Hydralisk Den, Drone, Overseer  
  35  6:29  Zergling x2  
  36  6:43  Zergling x2  
  36  6:46  Overlord, Overseer  
  37  6:48  Drone  
  37  6:53  Drone  
  39  6:57  Drone  
  39  6:58  Roach  
  42  7:03  Overseer  
  42  7:05  Overlord  
  38  7:09  Drone  
  38  7:12  Zergling x2  
  38  7:14  Drone  
  34  7:15  Queen  
  34  7:18  Drone  
  32  7:22  Drone  
  32  7:23  Overlord  
  32  7:26  Roach  
  32  7:27  Drone  
  33  7:31  Drone  
  32  7:41  Roach  
  32  7:42  Overseer  
  26  7:54  Drone  
  18  7:59  Drone  
  12  8:07  Spawning Pool  
Tags
 
Add a new tag
Caveats
  • Supply blocks, unpowered buildings, or Contaminate may cause inaccurate times.
  • Supply counts are checked every 10 seconds.